 Dungeon Crawl Stone Soup version 0.28-a0-895-g6e5f11bd55 (webtiles) character file.

Game seed: 12584860899894809249

49 Twinkles the Covered (level 4, -1/32 HPs)
             Began as a Human Wanderer on Nov 22, 2021.
             Slain by Terence (6 damage)
             ... on level 2 of the Dungeon.
             The game lasted 00:07:12 (1772 turns).

Twinkles the Covered (Human Wanderer)               Turns: 1772, Time: 00:07:13

Health: -1/32      AC:  9    Str: 17    XL:     4   Next: 1%
Magic:  4/4        EV:  7    Int: 10    God:
Gold:   79         SH:  0    Dex: 11    Spells: 2/3 levels left

rFire   . . .      SeeInvis .   c - +0 long sword
rCold   . . .      Faith    .   (no shield)
rNeg    . . .      Spirit   .   g - +0 chain mail
rPois   .          Reflect  .   (no helmet)
rElec   .          Harm     .   (no cloak)
rCorr   .          Rampage  .   (no gloves)
Will    .....                   (no boots)
Stlth   ..........              (no amulet)
HPRegen 0.10/turn               (no ring)
MPRegen 0.09/turn               (no ring)

@: no status effects
A: no striking features
a: no special abilities


You were on level 2 of the Dungeon.
You visited 1 branch of the dungeon, and saw 2 of its levels.

You collected 79 gold pieces.

Inventory:

Hand Weapons
 a - a +0 club
 c - a +0 long sword (weapon)
Missiles
 f - 10 sling bullets
 k - 9 poisoned darts
 m - 5 curare-tipped darts
 s - 25 stones
Armour
 b - a +0 ring mail
 g - a +0 chain mail (worn)
Wands
 y - a wand of mindburst (9)
Scrolls
 d - a scroll of noise {unknown}
 e - 2 scrolls of enchant armour {unknown}
 i - a scroll of identify {unknown}
 j - a scroll of immolation {unknown}
 l - a scroll of fog {unknown}
Potions
 h - a potion of curing {unknown}
 n - a potion of cancellation {unknown}


   Skills:
 + Level 1.2 Fighting
 - Level 1.0 Throwing
 + Level 3.3 Armour
 - Level 1.0 Shields
 + Level 2.5 Translocations
 + Level 0.7 Transmutations
 - Level 3.2 Ice Magic
 + Level 0.6 Air Magic


You had 2 spell levels left.
You knew the following spells:

 Your Spells              Type           Power      Damage    Failure   Level
a - Freeze                Ice            24%        1d5       83%         1

Your spell library contained the following spells:

 Spells                   Type           Power      Damage    Failure   Level
 Blink                    Tloc           10%        N/A       97%         2
 Corpse Rot               Necr/Air       0%         N/A       100%        2
 Sublimation of Blood     Necr           0%         N/A       100%        2
 Frozen Ramparts          Ice            12%        1d3       99%         3
 Ozocubu's Armour         Ice            6%         N/A       99%         3
 Hailstorm                Conj/Ice       3%         3d3       100%        4
 Manifold Assault         Tloc           5%         N/A       100%        5
 Storm Form               Tmut/Air       0%         N/A       100%        7


Dungeon Overview and Level Annotations

Branches:
Dungeon (2/15)

Altars:

Annotations:
D:2 Terence


Message History

You closely miss Terence.
Terence is moderately wounded.
Terence shouts, "Now you die!" Terence barely misses you.
You hit Terence.
Terence is moderately wounded.
Terence hits you with a +0 short sword! Terence hits you with a +0 short sword.
* * * LOW HITPOINT WARNING * * *
You closely miss Terence.
Terence is moderately wounded.
Terence asks, "Do you want it fast or slow?"
Terence barely misses you.
You barely miss Terence.
Terence is moderately wounded.
Terence hits you but does no damage. Terence barely misses you.
You hit Terence.
Terence is moderately wounded.
Terence hits you with a +0 short sword.
* * * LOW HITPOINT WARNING * * *
You hit Terence but do no damage.
Terence is moderately wounded.
Terence hits you but does no damage.
You closely miss Terence.
Terence is moderately wounded.
Terence hits you with a +0 short sword.
* * * LOW HITPOINT WARNING * * *
Terence closely misses you.
You hit Terence but do no damage.
Terence is moderately wounded.
Terence hits you but does no damage.
You barely miss Terence.
Terence is moderately wounded.
Terence hits you but does no damage. x2
You hit Terence.
Terence is heavily wounded.
Terence hits you but does no damage.
You hit Terence.
Terence is heavily wounded.
Terence hits you with a +0 short sword.
You die...

#... #....# #.....
#...#+#....# #.....
#.>.8.8.#### ######
#.......###########
#...............##.
######.########....
####.)...........
##########................
#......$.@@##.............
#........####.###.).......
#.......... ..# #.........
#.....(..######
#.......รท< #..<.....#
#######... ########## #...
####


You could see Terence.

Vanquished Creatures
  An adder (D:2)
  A worm (D:2)
  3 dart slugs (D:1)
  2 ball pythons (D:1)
  3 endoplasms
  3 goblins (D:1)
  2 hobgoblins (D:1)
  4 jackals
  3 bats
  2 frilled lizards (D:1)
  3 kobolds
  4 rats (D:1)
31 creatures vanquished.

Notes
Turn   | Place    | Note
-------+----------+-------------------------------------------
     0 | D:1      | Twinkles the Human Wanderer began the quest for the Orb.
     0 | D:1      | Twinkles set off with the following items: a +0 club, a +0
                  | ring mail; and the following spell memorised: Freeze; and
                  | the following spells available to memorise: Frozen
                  | Ramparts, Ozocubu's Armour, Corpse Rot, Sublimation of
                  | Blood, Hailstorm
     0 | D:1      | Reached XP level 1. HP: 13/13 MP: 1/1
   176 | D:1      | Reached XP level 2. HP: 20/20 MP: 2/2
   933 | D:1      | Reached skill level 1 in Fighting
   933 | D:1      | Reached XP level 3. HP: 24/26 MP: 3/3
  1742 | D:2      | Reached XP level 4. HP: 32/32 MP: 4/4
  1750 | D:2      | Noticed Terence
  1763 | D:2      | HP: 8/32 [Terence (2)]
  1768 | D:2      | HP: 4/32 [Terence (2)]
  1772 | D:2      | Slain by Terence

Illustrated notes

Levels and vault maps discovered:
D:1:      dpeg_arrival_erosion, layout_loops_ring,
          hangedman_abyss_or_decor_stabs, grunt_decor_mini_mirrors
D:2:      layout_rooms, dreamdust_ecumenical_altar_angels_and_demons,
          serial_shops, nicolae_shop_crystal, uniq_jessica, uniq_terence,
          uniq_sigmund

Skill      XL: |  1  2 |
---------------+-------+-----
Fighting       | 1 |  1.2
Throwing       | |  1.0
Armour         | |  3.3
Shields        | |  1.0
Translocations | |  2.5
Transmutations | |  0.7
Ice Magic      | |  3.2
Air Magic      | |  0.6

Action                   |  1- 3 |  4- 6 || total
-------------------------+-------+-------++-------
Melee: Long sword        |    99 |    20 ||   119
Armor: Ring mail         |    12 |       ||    12
       Chain mail        |    57 |    11 ||    68
Dodge: Dodged            |    49 |     8 ||    57

Table legend: (Time is in decaauts)
 A = Elapsed time spent in this place.
 B = Non-inter-level travel time spent in this place.
 C = Inter-level travel time spent in this place.
 D = Time resting spent in this place.
 E = Time spent auto-exploring this place.
 F = Levels seen in this place.
 G = Mean time per level.
                   A        B        C        D        E       F      G
               +--------+--------+--------+--------+--------+-----+--------+
         Total |   1823 |   1776 |     47 |    320 |   1137 |   2 |  911.5 |
       Dungeon |   1823 |   1776 |     47 |    320 |   1137 |   2 |  911.5 |
               +--------+--------+--------+--------+--------+-----+--------+

Top non-repeatable levels by time:
     D:1: 1517 daAuts
     D:2: 305 daAuts
